 Dungeon Crawl Stone Soup version 0.30-a0-953-g5f1da4a474 (webtiles) character file.

Game seed: 13743074112336636948

1290 qeuew the Poker (level 8, -7/67 HPs)
             Began as a Gnoll Chaos Knight on Mar 28, 2023.
             Was a Plaything of Xom.
             Mangled by an unseen horror (8 damage)
             ... on level 6 of the Dungeon.
             The game lasted 00:04:20 (4183 turns).

qeuew the Poker (Gnoll Chaos Knight)                Turns: 4183, Time: 00:04:21

Health: -7/67      AC:  6    Str: 13      XL:     8   Next: 55%
Magic:  13/13      EV: 13    Int: 10 (11) God:    Xom [...*..]
Gold:   259        SH:  0    Dex: 13      Spells: 14/14 levels left

rFire   + . .      SeeInvis .    f - +1 scythe (protect)
rCold   + . .      Faith    .    (shield currently unavailable)
rNeg    + . .      Spirit   .    b - +3 leather armour
rPois   +          Reflect  .    (no helmet)
rElec   +          Rampage  .    (no cloak)
rCorr   +                        (no gloves)
Will    .....                    (no boots)
Stlth   ++                       (no amulet)
HPRegen 0.31/turn                e - ring of positive energy
MPRegen 0.13/turn                (no ring)

@: resistant
A: fangs 1, strong nose, distributed training, wild magic 1
a: Renounce Religion


You were on level 6 of the Dungeon.
You worshipped Xom.
You were a favourite toy of Xom.
You visited 1 branch of the dungeon, and saw 7 of its levels.

You collected 259 gold pieces.

Inventory:

Hand Weapons
 f - a +1 scythe of protection (weapon)
Armour
 b - a +3 leather armour (worn)
Jewellery
 e - a ring of positive energy (left hand)
Wands
 a - a wand of roots (8)
Scrolls
 k - a scroll of butterflies
 l - a scroll of magic mapping
Potions
 d - a potion of might
 h - a potion of flight
 j - a potion of haste
Miscellaneous
 c - a piece from Xom's chessboard (15/15) (quivered)


   Skills:
 + Level 7.5 Fighting
 + Level 3.5 Short Blades
 + Level 3.5 Long Blades
 + Level 3.5 Axes
 + Level 3.5 Maces & Flails
 + Level 7.5 Polearms
 + Level 3.5 Staves
 + Level 3.5 Ranged Weapons
 + Level 3.5 Throwing
 + Level 5.8 Armour
 + Level 4.4 Dodging
 + Level 3.5 Stealth
 + Level 3.5 Shields
 + Level 3.5 Unarmed Combat
 + Level 3.5 Spellcasting
 + Level 2.9 Conjurations
 + Level 2.9 Hexes
 + Level 2.9 Summonings
 + Level 2.9 Necromancy
 + Level 2.9 Translocations
 + Level 2.9 Transmutations
 + Level 2.9 Fire Magic
 + Level 2.9 Ice Magic
 + Level 2.9 Air Magic
 + Level 2.9 Earth Magic
 + Level 2.9 Poison Magic
 + Level 3.9 Invocations
 + Level 3.5 Evocations


You had 14 spell levels left.
You didn't know any spells.
Your spell library contained the following spells:

 Spells                   Type           Power      Damage    Failure   Level
 Beastly Appendage        Tmut           18%        N/A       14%         1
 Freeze                   Ice            36%        1d5       14%         1
 Kiss of Death            Conj/Necr      36%        2d8       14%         1
 Wereblood                Tmut           9%         N/A       22%         2
 Frozen Ramparts          Ice            18%        1d3       38%         3
 Hailstorm                Conj/Ice       9%         3d4       38%         3
 Mephitic Cloud           Conj/Pois/Air  9%         N/A       38%         3
 Spider Form              Tmut/Pois      9%         N/A       38%         3
 Stone Arrow              Conj/Erth      18%        3d8       38%         3
 Lee's Rapid Deconstruct  Erth           4%         3d5*      97%         5


Dungeon Overview and Level Annotations

Branches:
Dungeon (7/15)
 Temple: D:4-7

Altars:
Okawaru
Qazlal
Uskayaw
The Shining One

Annotations:
D:6 1 runed translucent door, Crazy Yiuf, Eustachio


Innate Abilities, Weirdness & Mutations

You have very sharp teeth.
Your uncanny sense of smell can sniff out nearby items.
Your experience applies equally to all skills.
Your spells are a little harder to cast, but a little more powerful.


Message History

* * * LOW HITPOINT WARNING * * *
The adder bites you.
* * * LOW HITPOINT WARNING * * *
You hit the adder but do no damage.
Your weapon exudes an aura of protection.
The adder is heavily wounded.
Something hits you but does no damage. The adder closely misses you.
The adder misses you.
Unknown command.
You closely miss the adder.
The adder is heavily wounded.
Something hits you.
* * * LOW HITPOINT WARNING * * *
The adder bites you but does no damage. Something hits you.
* * * LOW HITPOINT WARNING * * *
Unknown command.
You slice the adder!!
You kill the adder!
Something hits you but does no damage.
Unknown command.
Something hits you but does no damage. Something barely misses you.
Something hits you but does no damage. Something hits you.
* * * LOW HITPOINT WARNING * * *
Okay, then.
Something hits you.
* * * LOW HITPOINT WARNING * * *
Something hits you.
* * * LOW HITPOINT WARNING * * *
You miss something. Something hits you but does no damage.
As you read the scroll labelled ZOQILU JAQEO, it crumbles to dust.
It is a scroll of identify.
k - a scroll of butterflies Something hits you.
* * * LOW HITPOINT WARNING * * *
It was a potion of resistance.
You feel protected.
Xom thinks this is hilarious!
Something hits you!
You die...

#### #. .......
#. ....... #.
....... #!
.......
###$####$......
#......†.......
#............
#..##@######
##.##.# ######
#### ∆ ∆ ∆
###..##.
###.......
#......#
#......#+#
.....## ∆ ...#


There were no monsters in sight!

Vanquished Creatures
  Sigmund (D:2)
  A black bear (D:5)
  2 centaurs (D:5)
  A phantom (D:4)
  Blork the orc (D:6)
  A bullfrog (D:6)
  3 scorpions
  A howler monkey (D:6)
  A jelly (D:6)
  An orc priest (D:3)
  2 hounds (D:4)
  An iguana (D:7)
  A sleepcap (D:6)
  Ijyb (D:3)
  Terence (D:3)
  An orc wizard (D:6)
  4 gnolls (D:6)
  9 adders
  7 orcs
  6 endoplasms
  9 giant cockroaches
  7 goblins
  6 hobgoblins
  5 jackals (D:2)
  10 kobolds
  4 quokkas
  6 ball pythons
  4 bats
  2 frilled lizards
  24 rats
123 creatures vanquished.

Notes
Turn   | Place    | Note
-------+----------+-------------------------------------------
     0 | D:1      | qeuew the Gnoll Chaos Knight began the quest for the Orb.
     0 | D:1      | Reached XP level 1. HP: 23/23 MP: 1/1
    91 | D:1      | Reached XP level 2. HP: 29/29 MP: 2/2
   435 | D:1      | Reached XP level 3. HP: 35/35 MP: 3/3
   506 | D:1      | Reached skill level 1 in Invocations
   824 | D:2      | XOM: silly message
   855 | D:2      | Got the Cyclopedia of the Caves and Assaults
   893 | D:2      | Noticed Sigmund
   905 | D:2      | Killed Sigmund
   906 | D:2      | Reached skill level 1 in Short Blades
   906 | D:2      | Reached skill level 1 in Long Blades
   906 | D:2      | Reached skill level 1 in Axes
   906 | D:2      | Reached skill level 1 in Maces & Flails
   906 | D:2      | Reached skill level 1 in Staves
   906 | D:2      | Reached skill level 1 in Ranged Weapons
   906 | D:2      | Reached skill level 1 in Throwing
   906 | D:2      | Reached skill level 1 in Stealth
   906 | D:2      | Reached skill level 1 in Shields
   906 | D:2      | Reached skill level 1 in Unarmed Combat
   906 | D:2      | Reached skill level 1 in Spellcasting
   906 | D:2      | Reached skill level 1 in Conjurations
   906 | D:2      | Reached skill level 1 in Hexes
   906 | D:2      | Reached skill level 1 in Summonings
   906 | D:2      | Reached skill level 1 in Necromancy
   906 | D:2      | Reached skill level 1 in Translocations
   906 | D:2      | Reached skill level 1 in Transmutations
   906 | D:2      | Reached skill level 1 in Fire Magic
   906 | D:2      | Reached skill level 1 in Ice Magic
   906 | D:2      | Reached skill level 1 in Air Magic
   906 | D:2      | Reached skill level 1 in Earth Magic
   906 | D:2      | Reached skill level 1 in Poison Magic
   906 | D:2      | Reached skill level 1 in Evocations
   906 | D:2      | Reached XP level 4. HP: 37/41 MP: 4/6
   906 | D:2      | Reached XP level 5. HP: 42/47 MP: 4/7
   977 | D:2      | Reached skill level 5 in Armour
   977 | D:2      | Reached XP level 6. HP: 47/53 MP: 8/8
  1337 | D:2      | Identified the +1 sling of Bavapsacw {freeze, +Blink}
  1477 | D:2      | XOM: silly message
  1649 | D:2      | Found a faded altar of an unknown god.
  1871 | D:3      | Noticed Ijyb
  1886 | D:3      | Killed Ijyb
  1976 | D:3      | Noticed Terence
  1978 | D:3      | Killed Terence
  2048 | D:3      | Found a glowing golden altar of the Shining One.
  2260 | D:3      | Reached XP level 7. HP: 52/59 MP: 10/10
  2299 | D:3      | XOM: give mutation
  2299 | D:3      | Gained mutation: Your spells are a little harder to cast,
                  | but a little more powerful. [Xom's grace]
  2304 | D:3      | XOM: chaos upgrade
  2445 | D:3      | Found a hide-covered altar of Uskayaw.
  2791 | D:4      | XOM: 1-stop teleportation journey
  3320 | D:5      | Entered Level 5 of the Dungeon
  3323 | D:5      | XOM: polymorph iguana -> centaur
  3390 | D:5      | Reached XP level 8. HP: 8/67 MP: 12/12
  3750 | D:5      | You fall into a shaft and drop 2 floors!
  3750 | D:7      | XOM: noise
  3846 | D:6      | Found a stormy altar of Qazlal.
  3985 | D:6      | XOM: 3-stop teleportation journey
  3996 | D:6      | Noticed Blork the orc
  4001 | D:6      | XOM: smoke on damage
  4009 | D:6      | Killed Blork the orc
  4110 | D:6      | Found a runed translucent door.
  4111 | D:6      | Noticed Crazy Yiuf
  4150 | D:6      | Found an iron altar of Okawaru.
  4150 | D:6      | XOM: stat loss: -1 Int (10/11)
  4153 | D:6      | Noticed Eustachio
  4154 | D:6      | XOM: 1-stop teleportation journey
  4182 | D:6      | HP: 1/67 [something (4)]
  4183 | D:6      | Mangled by an unseen horror

Illustrated notes

Levels and vault maps discovered:
D:1:      dpeg_arrival_solitude, layout_basic, st_stairs_9,
          minmay_misc_feat_encased
D:2:      layout_loops_ring, dreamdust_ecumenical_altar_statues,
          minmay_rat_hole, uniq_sigmund
D:3:      layout_loops_ring, mainiacjoe_overflow_alcove_4,
          nicolae_tso_swordbearing_angel, minmay_misc_feat_nine_boxes,
          uniq_ijyb, uniq_terence
D:4:      layout_loops_ring, kennysheep_potato
D:5:      layout_layer_cave, nicolae_overflow_hidden_temple
D:6:      minmay_razor_zed, layout_loops_cross, mainiacjoe_overflow_brackets,
          nemelex_spade_bored_becter, mainiacjoe_overflow_six_doors_small,
          minmay_temple_entry_from_below_a, uniq_eustachio, uniq_menkaure,
          uniq_blork_the_orc, uniq_crazy_yiuf_cottage
D:7:      layout_cave_pods, vehumet_altar_wand_db, serial_shops,
          nicolae_shop_bloodbath_and_beyond

Skill      XL: |  1  2  3  4  5  6  7 |
---------------+----------------------+-----
Invocations    | 1 2 3 |  3.9
Short Blades   | 1 2 3 |  3.5
Long Blades    | 1 2 3 |  3.5
Axes           | 1 2 3 |  3.5
Maces & Flails | 1 2 3 |  3.5
Staves         | 1 2 3 |  3.5
Ranged Weapons | 1 2 3 |  3.5
Throwing       | 1 2 3 |  3.5
Dodging        | 3 4 |  4.4
Stealth        | 1 2 3 |  3.5
Shields        | 1 2 3 |  3.5
Unarmed Combat | 1 2 3 |  3.5
Spellcasting   | 1 2 3 |  3.5
Conjurations   | 1 2 |  2.9
Hexes          | 1 2 |  2.9
Summonings     | 1 2 |  2.9
Necromancy     | 1 2 |  2.9
Translocations | 1 2 |  2.9
Transmutations | 1 2 |  2.9
Fire Magic     | 1 2 |  2.9
Ice Magic      | 1 2 |  2.9
Air Magic      | 1 2 |  2.9
Earth Magic    | 1 2 |  2.9
Poison Magic   | 1 2 |  2.9
Evocations     | 1 2 3 |  3.5
Armour         | 5 |  5.8
Fighting       | 7 |  7.5
Polearms       | 7 |  7.5

Action                     |  1- 3 |  4- 6 |  7- 9 || total
---------------------------+-------+-------+-------++-------
  Melee: Spear             |    85 |       |       ||    85
         Bite              |     4 |     7 |    15 ||    26
         Punch             |     2 |       |       ||     2
         Halberd           |       |   145 |   156 ||   301
    Use: Potion            |     3 |     2 |     5 ||    10
         Scroll            |     1 |     2 |     3 ||     6
   Stab: Confused          |     1 |       |       ||     1
         Sleeping          |       |     7 |     9 ||    16
 Armour: Leather armour    |    21 |    60 |    94 ||   175
  Dodge: Dodged            |    34 |    85 |   111 ||   230

Table legend: (Time is in decaauts)
 A = Elapsed time spent in this place.
 B = Non-inter-level travel time spent in this place.
 C = Inter-level travel time spent in this place.
 D = Time resting spent in this place.
 E = Time spent auto-exploring this place.
 F = Levels seen in this place.
 G = Mean time per level.
                   A        B        C        D        E       F      G
               +--------+--------+--------+--------+--------+-----+--------+
         Total |   4187 |   4078 |    109 |     26 |   3295 |   7 |  598.1 |
       Dungeon |   4187 |   4078 |    109 |     26 |   3295 |   7 |  598.1 |
               +--------+--------+--------+--------+--------+-----+--------+

Top non-repeatable levels by time:
     D:2: 1054 daAuts
     D:3: 808 daAuts
     D:1: 758 daAuts
     D:4: 689 daAuts
     D:5: 433 daAuts
     D:6: 371 daAuts
     D:7: 71 daAuts
